 Dungeon Crawl Stone Soup version 0.31-a0-217-g58bb5d79cf (webtiles) character file.

Game seed: 1821541434975730330

813 naelc the Trooper (level 7, -1/78 HPs)
             Began as a Troll Monk on July 2, 2023.
             Slain by a killer bee (6 damage)
             ... on level 8 of the Dungeon.
             The game lasted 00:09:00 (3879 turns).

naelc the Trooper (Troll Monk)                      Turns: 3879, Time: 00:09:01

Health: -1/78      AC:  4    Str: 22    XL:     7   Next: 61%
Magic:  6/6        EV: 10    Int:  6    God:
Gold:   244        SH:  0    Dex: 12    Spells: 6/6 levels left

rFire   . .          .
                       - Unarmed
rCold   . . .        c - orb {light}
rNeg    . . .        a - +0 robe
rPois   .            (helmet restricted)
rElec   .            (no cloak)
rCorr   .            (gloves unavailable)
SInv    .            (boots unavailable)
Will    .....        (no amulet)
Stlth   +            (no ring)
HPRegen 1.13/turn    (no ring)
MPRegen 0.10/turn

%: no passive effects
@: lethally poisoned (-1 -> -4), glowing
A: large, unfitting armour, claws 3, regeneration 1, shaggy fur 1, tough skin 1
a: no special abilities


You were on level 8 of the Dungeon.
You visited 1 branch of the dungeon, and saw 7 of its levels.
You also visited: Sewer.

You collected 244 gold pieces.

Inventory:

Missiles
 r - 4 poisoned darts
Armour
 a - a +0 robe (worn)
 c - an orb of light (worn)
Jewellery
 e - a +6 ring of intelligence
Scrolls
 d - 2 scrolls of immolation {unknown}
 f - 3 scrolls of blinking
 i - 2 scrolls of brand weapon
 l - 2 scrolls of vulnerability {unknown}
 s - a scroll of revelation {unknown}
 t - a scroll of fog {unknown}
 x - a scroll of noise {unknown}
 y - 2 scrolls of identify
 z - a scroll of amnesia {unknown}
Potions
 b - a potion of ambrosia
 g - 2 potions of magic
 h - 2 potions of heal wounds {unknown}
 j - a potion of degeneration {unknown}
 k - a potion of enlightenment
 m - 2 potions of haste
 n - a potion of brilliance {unknown}
 o - 2 potions of attraction {unknown}
 p - a potion of cancellation {unknown}
 q - 2 potions of mutation {unknown}
 u - a potion of invisibility {unknown}
 v - a potion of might {unknown}
 w - a potion of curing {unknown}


   Skills:
 - Level 7.0 Fighting
 + Level 3.2 Dodging
 + Level 3.9 Unarmed Combat


You had 6 spell levels left.
You didn't know any spells.
Your spell library contained the following spells:

 Spells                   Type           Power      Damage    Failure   Level
 Beastly Appendage        Tmut           0%         N/A       45%         1
 Magic Dart               Conj           0%         1d3       45%         1
 Call Imp                 Summ           0%         N/A       58%         2
 Wereblood                Tmut           0%         N/A       58%         2
 Dazzling Flash           Conj/Hex       0%         N/A       83%         3
 Mephitic Cloud           Conj/Pois/Air  0%         N/A       83%         3
 Spider Form              Tmut/Pois      0%         N/A       83%         3
 Tukima's Dance           Hex            0%         N/A       83%         3
 Volatile Blastmotes      Fire/Tloc      0%         2d10      83%         3
 Iskenderun's Mystic Bla  Conj/Tloc      0%         2d3       99%         4
 Passage of Golubria      Tloc           0%         N/A       99%         4
 Yara's Violent Unravell  Hex/Tmut       0%         3d3       100%        5
 Starburst                Conj/Fire      0%         6d3       100%        6


Dungeon Overview and Level Annotations

Branches:
Dungeon (6/15)              Sewer (visited)
 Temple: D:4-7

Altars:
Elyvilon
Kikubaaqudgha
Sif Muna
Xom
Zin


Innate Abilities, Weirdness & Mutations

You are too large for most types of armour.
You have claws for hands.
Your natural rate of healing is unusually fast.
You are covered in fur. (AC +1)
You have tough skin. (AC +1)


Message History

The killer bee misses you.
The killer bee attacks as you move away!
The killer bee stings you but does no damage.
You feel very sick. The killer bee stings you!
The killer bee completely misses you.
You feel sick. The killer bee misses you. The killer bee stings you.
You are more poisoned.
The killer bee poisons you!
The killer bee attacks as you move away!
The killer bee stings you!
You are more poisoned.
The killer bee poisons you!
You feel very sick. The killer bee barely misses you.
The killer bee attacks as you move away!
The killer bee stings you.
You are more poisoned.
The killer bee poisons you!
You feel extremely sick.
The killer bee stings you but does no damage.
The killer bee barely misses you. x2
You feel very sick. The killer bee stings you!
* * * LOW HITPOINT WARNING * * *
You scratch the killer bee.
The killer bee is lightly wounded.
You feel very sick. The killer bee stings you.
* * * LOW HITPOINT WARNING * * *
You closely miss the killer bee.
The killer bee is lightly wounded.
You feel very sick. The killer bee barely misses you.
The killer bee closely misses you.
You scratch the killer bee.
The killer bee is lightly wounded.
You feel very sick. The killer bee stings you.
* * * LOW HITPOINT WARNING * * *
The killer bee stings you.
You die...

#...........##..
#...........####.
#...........# #.
#####.##......# #.
#.....##......# ..
#.#.####......# #.#.#
#......# ..
#...####y.....## ...
#>....@yy......## ....
########y.......##....
#......#.......
#######........
#........ #..).....
#######....###.
#..............
#.............#


You could see 4 killer bees.

Vanquished Creatures
  A black bear (D:5)
  3 wights (D:4)
  A jelly (D:5)
  A hound (D:5)
  4 orc priests
  A sleepcap (D:4)
  2 iguanas (D:5)
  An orc wizard (D:3)
  A hell rat (Sewer)
  5 adders
  4 gnolls (D:5)
  2 river rats (Sewer)
  3 shadow imps
  An ufetubus (D:5)
  A worm (D:4)
  2 dart slugs (D:4)
  18 orcs
  8 endoplasms
  2 giant cockroaches
  7 hobgoblins
  9 jackals
  2 quokkas (D:4)
  6 ball pythons
  9 bats
  2 frilled lizards (D:1)
  7 goblins
  9 kobolds
  15 rats
127 creatures vanquished.

Notes
Turn   | Place    | Note
-------+----------+-------------------------------------------
     0 | D:1      | naelc the Troll Monk began the quest for the Orb.
     0 | D:1      | Reached XP level 1. HP: 22/22 MP: 0/0
    65 | D:1      | Reached XP level 2. HP: 29/29 MP: 1/1
    68 | D:1      | Reached skill level 3 in Fighting
   796 | D:2      | Reached XP level 3. HP: 36/37 MP: 2/2
  1203 | D:2      | Reached skill level 4 in Fighting
  1508 | D:3      | Reached XP level 4. HP: 42/48 MP: 3/3
  2029 | D:4      | Reached skill level 5 in Fighting
  2029 | D:4      | Reached XP level 5. HP: 53/57 MP: 4/4
  2044 | D:4      | Reached XP level 6. HP: 26/67 MP: 5/5
  2093 | D:4      | Found a glowing drain.
  2097 | Sewer    | Entered a sewer
  2265 | D:4      | Reached skill level 6 in Fighting
  2572 | D:4      | Found an ancient bone altar of Kikubaaqudgha.
  2572 | D:4      | Found a glowing silver altar of Zin.
  2883 | D:5      | Entered Level 5 of the Dungeon
  2955 | D:5      | Reached XP level 7. HP: 61/76 MP: 6/6
  2959 | D:5      | Reached skill level 7 in Fighting
  3079 | D:5      | Found a white marble altar of Elyvilon.
  3402 | D:5      | Found a shimmering blue altar of Sif Muna.
  3402 | D:5      | Found a shimmering altar of Xom.
  3790 | D:6      | You fall into a shaft and drop 2 floors!
  3879 | D:8      | Slain by a killer bee

Illustrated notes

Levels and vault maps discovered:
D:1:      dpeg_arrival_tiny_a, layout_basic
D:2:      layout_basic
D:3:      layout_basic, serial_curves, eino_curves_02, eino_curves_02,
          eino_curves_04, eino_curves_01
D:4:      layout_basic, nicolae_overflow_two_pavilions, gup_sewer_entry_bowl
D:5:      layout_loops_ring, gammafunk_temple_overflow_wave, elyvilon_altar_4
D:6:      layout_basic, mainiacjoe_overflow_concentric_impassable, uniq_grinder
D:8:      layout_basic, grunt_temple_overflow_lords_of_destruction,
          minmay_misc_feat_rows

Skill      XL: |  1  2  3  4  5  6  7 |
---------------+----------------------+-----
Fighting       | 3 4 5 6 7 |  7.0
Dodging        | 3 |  3.2
Unarmed Combat | |  3.9

Action                     |  1- 3 |  4- 6 |  7- 9 || total
---------------------------+-------+-------+-------++-------
  Melee: Unarmed           |    94 |   132 |    50 ||   276
    Use: Scroll            |       |     5 |       ||     5
         Potion            |       |     1 |       ||     1
 Armour: Robe              |    31 |    37 |     7 ||    75
  Dodge: Dodged            |    49 |    62 |    43 ||   154

Table legend: (Time is in decaauts)
 A = Elapsed time spent in this place.
 B = Non-inter-level travel time spent in this place.
 C = Inter-level travel time spent in this place.
 D = Time resting spent in this place.
 E = Time spent auto-exploring this place.
 F = Levels seen in this place.
 G = Mean time per level.
                   A        B        C        D        E       F      G
               +--------+--------+--------+--------+--------+-----+--------+
         Total |   3862 |   3685 |    177 |    213 |   2691 |   8 |  482.8 |
       Dungeon |   3784 |   3607 |    177 |    213 |   2678 |   7 |  540.6 |
         Sewer |     77 |     77 |      0 |      0 |     13 |   1 |   77.0 |
               +--------+--------+--------+--------+--------+-----+--------+

Top non-repeatable levels by time:
     D:5: 888 daAuts
     D:4: 808 daAuts
     D:1: 724 daAuts
     D:3: 641 daAuts
     D:2: 618 daAuts
     D:8: 88 daAuts
   Sewer: 77 daAuts
     D:6: 14 daAuts
